 Dungeon Sprint DCSS version 0.30.0-29-ga12c61a403 (webtiles) character file.

Game seed: 14503586486818785769

101 boopmooplesden the Covered (level 4, -1/67 HPs)
             Began as a Minotaur Fighter on June 19, 2023.
             Was a Priest of Trog.
             Succumbed to a gnoll sergeant's poison
             ... in the Dungeon (Sprint VII: "The Pits").
             The game lasted 00:01:07 (283 turns).

boopmooplesden the Covered (Minotaur Fighter)        Turns: 283, Time: 00:01:08

Health: -1/67      AC: 13    Str: 22    XL:     4   Next: 48%
Magic:  3/3        EV:  8    Int:  5    God:    Trog [***...]
Gold:   0          SH:  5    Dex: 10    Spells: 3/3 levels left

rFire   . . .        n - +0 mace (heavy)
rCold   . . .        c - +0 buckler
rNeg    . . .        o - +3 chain mail
rPois   .            (helmet restricted)
rElec   .            (no cloak)
rCorr   .            (no gloves)
SInv    .            (no boots)
Will    .....        (no amulet) Stlth
                     (no ring)
HPRegen 0.31/turn    (no ring)
MPRegen 0.08/turn

%: no teleportation
@: berserking (expiring), lethally poisoned (-1 -> -9), very quick
A: horns 2, retaliatory headbutt
a: Renounce Religion, Berserk, Trog's Hand


You were in the Dungeon.
You worshipped Trog.
Trog was most pleased with you.
You visited 1 branch

Inventory:

Hand Weapons
 a - a +0 flail
 k - a +2 mace
 n - a +0 heavy mace (weapon)
Armour
 b - a +0 scale mail
 c - a +0 buckler (worn)
 o - a +3 chain mail (worn)
Scrolls
 j - a scroll of blinking
 m - a scroll of summoning
Potions
 d - a potion of might
 e - 6 potions of curing
 f - 6 potions of heal wounds
 g - a potion of haste
 h - 4 potions of magic
 i - 3 potions of berserk rage
 l - 2 potions of invisibility


   Skills:
 + Level 6.7 Fighting
 + Level 4.2 Maces & Flails
 + Level 7.2 Armour
 + Level 1.0 Dodging
 + Level 6.5 Shields


You had 3 spell levels left.
You didn't know any spells.
Your spell library was empty.

Dungeon Overview and Level Annotations

Branches:
Dungeon (1/1)

Altars:
Cheibriados
Dithmenos
Elyvilon
Fedhas
Gozag
Hepliaklqana
Makhleb
Nemelex Xobeh
Okawaru
Qazlal
Ru
Sif Muna
Trog
Vehumet
Wu Jian
Xom
Yredelemnul
Zin
The Shining One
Jiyva
Lugonu


Innate Abilities, Weirdness & Mutations

You have a pair of horns on your head.
You reflexively headbutt those who attack you in melee.


Message History

The crimson imp blinks!
You see here a +0 whip.
You bludgeon the gnoll sergeant!!
The gnoll sergeant is almost dead.
* * * LOW HITPOINT WARNING * * *
You feel extremely sick.
A gnoll comes into view. It is wielding a +0 club.
You block the gnoll sergeant's attack.
The gnoll shouts!
You bludgeon the gnoll sergeant!!
You kill the gnoll sergeant!
Trog accepts your kill.
* * * LOW HITPOINT WARNING * * *
You feel extremely sick.
You hear a shout! x2
The gnoll hits you with a +0 club.
* * * LOW HITPOINT WARNING * * *
The crimson imp blinks!
Your Fighting skill increases to level 6!
Your Maces & Flails skill increases to level 4!
Your Armour skill gained 2 levels and is now at level 7!
Your Shields skill increases to level 6!
You have reached level 4!
You feel agile.
You barely miss the gnoll.
* * * LOW HITPOINT WARNING * * *
You feel very sick. You block the gnoll's attack.
The gnoll shouts!
You bludgeon the gnoll!!
You kill the gnoll!
Trog accepts your kill.
* * * LOW HITPOINT WARNING * * *
You feel very sick.
You hear a shout!
Your Dodging skill increases to level 1!
You bludgeon the rat!!
You kill the rat!
Trog accepts your kill.
You die...

#.?(.')))'.##.....
##########.##.....
#.........÷.'.....
#'#####'#####.....
#.#...†.#[.##.....
#.#.....#))#####'#
#.###'###))##.....
#.#.....#).##.....
#@#.....#..##.....
#)####'##'###...<.
#.#........##.....
#5#........##.....
#g###########.....
#.. ###### #.g.
#.Z.# #§##g


You could see 2 gnolls, a crimson imp and a bat skeleton.

Vanquished Creatures
  A gnoll sergeant (D)
  2 gnolls (D)
  A river rat (D)
  An ufetubus (D)
  2 bats (D)
  A bat skeleton (D)
  An endoplasm (D)
  A hobgoblin (D)
  A ball python (D)
  A ball python skeleton (D)
  A rat (D)
13 creatures vanquished.

Notes
Turn   | Place    | Note
-------+----------+-------------------------------------------
     0 | D        | boopmooplesden the Minotaur Fighter began the quest for the
                  | Orb.
     0 | D        | Reached XP level 1. HP: 19/19 MP: 0/0
    23 | D        | Found a bloodstained altar of Trog.
    23 | D        | Found a shimmering blue altar of Sif Muna.
    23 | D        | Found a viscous altar of Jiyva.
    23 | D        | Found a hazy altar of Hepliaklqana.
    23 | D        | Found an opulent altar of Gozag.
    24 | D        | Found a glowing golden altar of the Shining One.
    24 | D        | Found a glowing silver altar of Zin.
    24 | D        | Found a basalt altar of Yredelemnul.
    24 | D        | Found a shimmering altar of Xom.
    24 | D        | Found an ornate altar of the Wu Jian Council.
    24 | D        | Found a sacrificial altar of Ru.
    24 | D        | Found a stormy altar of Qazlal.
    24 | D        | Found an iron altar of Okawaru.
    24 | D        | Found a sparkling altar of Nemelex Xobeh.
    24 | D        | Found a burning altar of Makhleb.
    24 | D        | Found a blossoming altar of Fedhas.
    24 | D        | Found a white marble altar of Elyvilon.
    24 | D        | Found a shadowy altar of Dithmenos.
    24 | D        | Found a snail-covered altar of Cheibriados.
    26 | D        | Found a corrupted altar of Lugonu.
    26 | D        | Found a radiant altar of Vehumet.
    27 | D        | Became a worshipper of Trog the Wrathful
    69 | D        | Reached skill level 4 in Armour
    69 | D        | Reached XP level 2. HP: 21/28 MP: 1/1
    97 | D        | Reached * piety under Trog
   207 | D        | Reached ** piety under Trog
   209 | D        | Reached skill level 5 in Fighting
   209 | D        | Reached skill level 5 in Armour
   209 | D        | Reached skill level 5 in Shields
   268 | D        | Noticed a gnoll sergeant
   268 | D        | Noticed a crimson imp
   277 | D        | Reached XP level 3. HP: 24/36 MP: 2/2
   280 | D        | Killed a gnoll sergeant
   281 | D        | Reached skill level 7 in Armour
   281 | D        | Reached XP level 4. HP: 9/45 MP: 3/3
   282 | D        | Reached *** piety under Trog
   282 | D        | HP: 2/67 [poisoned by a gnoll sergeant]
   283 | D        | Reached skill level 1 in Dodging
   283 | D        | Succumbed to a gnoll sergeant's poison

Illustrated notes

Levels and vault maps discovered:
D:        pitsprint [storerooms_1, entrance_room_1, metal_vault_7, armoury_2,
          mini_pit_1, grid_room_1, main_hall_1, silver_pit, the_coven_1,
          the_vestibule_1, steel_vault_5, golden_pit, hallway_of_sentries,
          crystal_vault_3, iron_vault_4, final_vault]

Skill      XL: |  1  2  3  4 |
---------------+-------------+-----
Shields        | 4 5 6 |  6.5
Fighting       | 4 5 6 |  6.7
Armour         | 4 5 7 |  7.2
Maces & Flails | 3 4 |  4.2
Dodging        | 1 |  1.0

Action                     |  1- 3 |  4- 6 || total
---------------------------+-------+-------++-------
  Melee: Mace              |    14 |     3 ||    17
         Flail             |     5 |       ||     5
         Headbutt          |     3 |       ||     3
 Invoke: Berserk           |     1 |       ||     1
 Armour: Scale mail        |    10 |       ||    10
         Chain mail        |     1 |       ||     1
  Dodge: Dodged            |    20 |       ||    20
  Block: Buckler           |     8 |     1 ||     9
